 Dungeon Crawl Stone Soup version 0.16.3 (webtiles) character file.

8589 MordorOrchid the Covered (level 11, 0/58 HPs)
             Began as a Vine Stalker Berserker on Mar 18, 2020.
             Was a High Priest of Trog.
             Slain by a yak (8 damage)
             ... on level 9 of the Dungeon on Mar 24, 2020.
             The game lasted 00:35:24 (5753 turns).

MordorOrchid the Covered (Vine Stalker Berserker)   Turns: 5753, Time: 00:35:24

Health: 0/58       AC: 16    Str: 21    XL:     11   Next: 33%
Magic:  0/21       EV:  8    Int: 14    God:    Trog [*****.]
Gold:   436        SH:  0    Dex: 16    Spells: 0 memorised, 10 levels left

rFire  . . .     SeeInvis .     p - +12 Glaive of Prune {chop}
rCold  . . .     Clarity  .     E - +1 chain mail of Decompression {-Cast rElec rN+ Int+7 Slay+2}
rNeg   + + .     SustAb   .     (no shield)
rPois  .         Gourm    .     K - +2 helmet
rElec  +         Spirit   +     (no cloak)
rCorr  .         Warding  .     (no gloves)
rMut   .         Stasis   .     f - +0 pair of boots
MR     ++++.     NoCast   +     (no amulet)
Stlth  +.........               L - ring of positive energy
                                a - ring of protection from magic

@: exhausted, regenerating, slowed, very slow, incredibly resistant to hostile
enchantments, very unstealthy
A: fangs 3, regeneration 2, magic shield, antimagic bite, no device heal 3, rot
immunity
a: Burn Spellbooks, Berserk, Trog's Hand, Brothers in Arms, Renounce Religion


You were on level 9 of the Dungeon.
You worshipped Trog.
Trog was extremely pleased with you.
You were very hungry.

You visited 1 branch of the dungeon, and saw 9 of its levels.

You collected 568 gold pieces.
You spent 132 gold pieces at shops.

Inventory:

Hand weapons
 b - a +0 blowgun
 j - a +0 hunting sling
 p - the +12 Glaive of Prune (weapon) {chop}
   (You found it on level 5 of the Dungeon)

   It inflicts extra damage upon your enemies.
 y - a +2 short sword of speed
Missiles
 d - 4 poisoned tomahawks
 g - 6 javelins (quivered)
 m - 4 curare-tipped needles
 C - 2 tomahawks
 D - 43 sling bullets
 I - 30 poisoned needles
 J - 15 sling bullets of frost
 Q - 3 needles of slowing
 W - 8 needles of confusion
 X - 8 tomahawks of dispersal
Armour
 f - a +0 pair of boots (worn)
 h - a +1 shield
 E - the +1 chain mail of Decompression (worn) {-Cast rElec rN+ Int+7 Slay+2}
   (You found it on level 5 of the Dungeon)

   It affects your intelligence (+7).
   It affects your accuracy and damage with ranged weapons and melee attacks
   (+2).
   It insulates you from electricity.
   It protects you from negative energy.
   It prevents spellcasting.
 K - a +2 helmet (worn)
Jewellery
 a - a ring of protection from magic (left hand)
 L - a ring of positive energy (right hand)
Magical devices
 o - a wand of flame (29)
 t - a wand of digging (10)
 v - a wand of frost (24)
 x - a wand of slowing (24)
 A - a wand of fire (3)
 F - a wand of fire (4)
 T - a wand of lightning (6)
 Y - a wand of heal wounds (3)
Scrolls
 i - a scroll of enchant armour
 l - a scroll of noise {unknown}
 r - a scroll of remove curse
 s - 7 scrolls of teleportation
 G - 2 scrolls of blinking
 H - a scroll of fog
 P - 2 scrolls of enchant weapon
Potions
 e - 3 potions of brilliance
 n - a potion of ambrosia
 u - a potion of mutation
 z - 7 potions of curing
 M - a potion of flight {unknown}
 N - 3 potions of lignification
 S - a potion of resistance {unknown}
 U - 2 potions of magic {unknown}
 V - 2 potions of haste {unknown}
Books
 q - a book of the Sky

   Spells                             Type                      Level
   a - Flight                         Charms/Air                   3
   b - Airstrike                      Air                          4
   c - Silence                        Hexes/Air                    5
   d - Deflect Missiles               Charms/Air                   6
   e - Conjure Ball Lightning         Conjuration/Air              6
   f - Tornado                        Air                          9
   Trog disapproves of the use of such an item.
Comestibles
 c - 4 bread rations
 k - 3 meat rations
 w - 4 beef jerkies
 B - 2 fruits
 R - a slice of pizza
 Z - a chunk of flesh


   Skills:
 * Level 7.0 Fighting
 * Level 6.2 Short Blades
 * Level 3.7 Polearms
 * Level 5.0 Throwing
 * Level 7.4 Armour
 - Level 1.5 Dodging
 - Level 7.3 Stealth
 - Level 4.8 Shields
 * Level 4.8 Evocations


You had 10 spell levels left.
You didn't know any spells.

Dungeon Overview and Level Annotations

Branches:
Dungeon (9/15)             Temple (0/1) D:6
   Lair: D:8-11         Orc: D:9-12

Altars:
Ashenzari
Elyvilon
Fedhas
Ru
Trog
Zin
The Shining One

Shops:
D:4 ?   D:5 [


Innate Abilities, Weirdness & Mutations

You have razor-sharp teeth.
You heal very quickly.
When hurt, damage is shared between your health and your magic reserves.
Your bite disrupts and absorbs the magic of your enemies.
Potions and wands cannot restore your health.
You are immune to rotting.


Message History

The phantom hits you but does no damage.
The yak gores you.
* * * LOW HITPOINT WARNING * * *
The phantom hits you but does no damage.
The phantom blinks!
The yak gores you but does no damage.
You slice the yak!! Your bite misses the yak.
The yak is severely wounded.
The yak gores you.
* * * LOW HITPOINT WARNING * * *
The phantom closely misses you.
The yak snorts and paws the ground.
The yak gores you.
* * * LOW HITPOINT WARNING * * *
The phantom hits you but does no damage.
The yak gores you but does no damage.
You hit the yak.
The yak is severely wounded.
The phantom hits you but does no damage.
The yak gores you!
You die...

#.......#
#.......#
#.......#
#.....).#
#.......#
#.....<.#
#....†..#
#......Y#
#....#W@#
.....(#...#
......#...#
..... #....
. .. #.....
....###
#..## ...#
###


You could see a yak and a phantom.

Vanquished Creatures
  3 death yaks (D:7)
  An unseen horror (D:8)
  A griffon (D:7)
  A kobold demonologist (D:7)
  2 polar bears (D:7)
  2 two-headed ogres
  7 yaks
  Eustachio (D:7)
  2 wolves (D:9)
  A hog (D:7)
  2 orc warriors
  4 black bears (D:7)
  2 ice beasts
  2 sky beasts
  3 ogres
  A crocodile (D:8)
  Duvessa (D:7)
  4 centaurs
  Blork the orc (D:7)
  3 giant frogs
  3 scorpions
  3 killer bees (D:7)
  Dowan (D:7)
  A crimson imp (D:7)
  7 orc priests
  A giant frog skeleton (D:4)
  3 worker ants
  5 hounds
  2 iguanas
  7 orc wizards
  3 sheep (D:7)
  2 giant frog simulacra (D:9)
  A hound zombie (D:5)
  A hound skeleton (D:4)
  4 gnolls (D:7)
  5 adders
  4 giant mites
  2 white imps
  2 worms
  An adder zombie (D:9)
  2 adder skeletons (D:5)
  A giant gecko (D:7)
  29 orcs
  A bat skeleton (D:4)
  4 giant cockroaches
  10 hobgoblins
  23 jackals
  2 quokkas
  4 ball pythons
  10 bats
  A giant gecko skeleton (D:8)
  3 giant newts
  A giant spore (D:8)
  16 goblins
  A jackal skeleton (D:7)
  14 kobolds
  2 quokka zombies
  7 rats
  4 ballistomycetes
237 creatures vanquished.

Vanquished Creatures (others)
  A giant spore (D:6)
1 creature vanquished.

Grand Total: 238 creatures vanquished

Notes
Turn   | Place    | Note
--------------------------------------------------------------
     0 | D:1      | MordorOrchid, the Vine Stalker Berserker, began the quest for the Orb.
     0 | D:1      | Reached XP level 1. HP: 11/11 MP: 1/1
   299 | D:1      | Reached XP level 2. HP: 8/16 MP: 0/3
   421 | D:1      | Reached skill level 1 in Stealth
   705 | D:2      | Reached skill level 3 in Short Blades
   725 | D:2      | Reached XP level 3. HP: 15/19 MP: 4/4
   827 | D:2      | Acquired Trog's second power
  1109 | D:2      | Reached skill level 1 in Shields
  1281 | D:3      | Reached XP level 4. HP: 21/23 MP: 5/5
  1324 | D:3      | Found a sacrificial altar of Ru.
  1649 | D:3      | Reached XP level 5. HP: 27/27 MP: 7/7
  1704 | D:3      | Found a shattered altar of Ashenzari.
  1776 | D:3      | Noticed a giant frog
  1783 | D:3      | Killed a giant frog
  2001 | D:3      | Found a glowing golden altar of the Shining One.
  2227 | D:5      | Entered Level 5 of the Dungeon
  2233 | D:5      | Gained mutation: You heal very quickly. [vine stalker growth]
  2233 | D:5      | Reached XP level 6. HP: 32/32 MP: 4/8
  2288 | D:4      | Reached skill level 4 in Short Blades
  2460 | D:4      | Acquired Trog's third power
  2537 | D:4      | Found a glowing silver altar of Zin.
  2548 | D:4      | Found Orouseryp's Magic Scroll Emporium.
  2556 | D:4      | Bought a scroll of teleportation for 36 gold pieces
  2556 | D:4      | Bought a scroll of fog for 24 gold pieces
  2556 | D:4      | Bought a scroll of identify for 24 gold pieces
  2556 | D:4      | Bought a scroll of identify for 24 gold pieces
  2556 | D:4      | Bought a scroll of identify for 24 gold pieces
  2711 | D:5      | Noticed a sky beast
  2714 | D:5      | Killed a sky beast
  2714 | D:5      | Reached skill level 1 in Throwing
  2714 | D:5      | Reached skill level 1 in Evocations
  2714 | D:5      | Reached XP level 7. HP: 36/36 MP: 8/10
  2802 | D:5      | Got a bloodstained chain mail
  2814 | D:5      | Identified the +1 chain mail of Decompression {-Cast rElec rN+ Int+7 Slay+2} (You found it on level 5 of the Dungeon)
  2893 | D:5      | Noticed an ice beast
  2918 | D:5      | Killed an ice beast
  2997 | D:5      | Found Koifig's Antique Armour Boutique.
  3101 | D:5      | Noticed a centaur
  3109 | D:5      | Killed a centaur
  3530 | D:5      | Gained mutation: You have razor-sharp teeth. [vine stalker growth]
  3530 | D:5      | Reached XP level 8. HP: 40/40 MP: 13/13
  3640 | D:5      | Upgraded the game from 0.16.2-14-gc338ae411c to 0.16.3
  4082 | D:6      | Reached skill level 5 in Stealth
  4254 | D:6      | Found a staircase to the Ecumenical Temple.
  4305 | D:7      | Received a gift from Trog
  4336 | D:7      | Found a huge runed gate.
  4337 | D:7      | Found a huge runed gate.
  4337 | D:7      | Found a huge runed gate.
  4338 | D:7      | Noticed a polar bear
  4338 | D:7      | Noticed a polar bear
  4339 | D:7      | Noticed a death yak
  4339 | D:7      | Found a huge runed gate.
  4339 | D:7      | Noticed a death yak
  4340 | D:7      | Noticed a death yak
  4340 | D:7      | Noticed a griffon
  4356 | D:7      | Killed a death yak
  4356 | D:7      | Reached skill level 5 in Short Blades
  4356 | D:7      | Reached skill level 6 in Stealth
  4356 | D:7      | Reached XP level 9. HP: 20/45 MP: 7/16
  4363 | D:7      | Killed a polar bear
  4386 | D:7      | Killed a death yak
  4386 | D:7      | Reached skill level 5 in Armour
  4398 | D:7      | Killed a death yak
  4398 | D:7      | Reached skill level 5 in Fighting
  4398 | D:7      | Reached XP level 10. HP: 33/51 MP: 7/18
  4402 | D:7      | Killed a griffon
  4403 | D:7      | Reached skill level 7 in Stealth
  4496 | D:7      | Received a gift from Trog
  4564 | D:7      | Killed a polar bear
  4589 | D:7      | Noticed Blork the orc
  4595 | D:7      | Killed Blork the orc
  4712 | D:7      | Found a blossoming altar of Fedhas.
  4720 | D:7      | Noticed Duvessa
  4721 | D:7      | Noticed Dowan
  4721 | D:7      | Noticed Eustachio
  4725 | D:7      | Killed Duvessa
  4730 | D:7      | Killed Dowan
  4748 | D:7      | Killed Eustachio
  4897 | D:7      | Reached skill level 1 in Polearms
  4949 | D:7      | Found a white marble altar of Elyvilon.
  4968 | D:7      | Noticed a kobold demonologist
  4976 | D:7      | Killed a kobold demonologist
  5046 | D:7      | Found a bloodstained altar of Trog.
  5321 | D:8      | Reached XP level 11. HP: 58/58 MP: 21/21
  5545 | D:8      | Killed an unseen horror
  5731 | D:9      | Reached skill level 5 in Throwing
  5743 | D:9      | HP: 4/87 [yak (3)]
  5753 | D:9      | Slain by a yak

Action                   |  1- 3 |  4- 6 |  7- 9 | 10-12 || total
-------------------------+-------+-------+-------+-------++-------
Melee: Short sword       |   150 |   121 |    98 |       ||   369
       Glaive            |       |       |    73 |   163 ||   236
 Fire: Hunting sling     |     1 |     7 |     4 |       ||    12
       Blowgun           |       |    64 |    53 |       ||   117
Throw: Stone             |     4 |       |     1 |       ||     5
       Javelin           |       |       |     1 |     2 ||     3
Invok: Berserk           |     1 |     3 |     3 |     1 ||     8
       Trog's Hand       |       |     1 |     2 |     1 ||     4
  Use: Potion            |       |     1 |       |       ||     1
       Scroll            |       |     8 |     3 |     2 ||    13
 Stab: Sleeping          |     2 |     6 |       |       ||     8
       Distracted        |       |     2 |       |       ||     2
  Eat: Chunk             |     2 |     7 |     9 |     6 ||    24
